 Dungeon Crawl Stone Soup version 0.18-a0-1206-g2bec475 (webtiles) character file.

27 Reinor the Magician (level 2, 0/15 HPs)
             Began as a Deep Elf Wizard on Feb 2, 2016.
             Slain by Ijyb (2 damage)
             ... on level 2 of the Dungeon.
             The game lasted 00:04:09 (1089 turns).

Reinor the Magician (Deep Elf Wizard)               Turns: 1089, Time: 00:04:09

Health: 0/15       AC:  2    Str:  4    XL:     2   Next: 93%
Magic:  0/10       EV: 15    Int: 22    God:
Gold:   52         SH:  0    Dex: 13    Spells: 4 memorised, 4 levels left

rFire  + . .     SeeInvis .     (no weapon)
rCold  . . .     Gourm    .     a - +0 robe
rNeg   . . .     Faith    .     (no shield)
rPois  .         Spirit   .     b - +0 hat
rElec  .         Dismiss  .     (no cloak)
rCorr  .         Reflect  .     (no gloves)
SustAt .         Harm     .     (no boots)
MR     .....                    (no amulet)
Stlth  ++........               l - +3 ring of evasion
                                h - ring of protection from fire

@: repel missiles, not resistant to hostile enchantments, unstealthy
A: no striking features
a: no special abilities


You were on level 2 of the Dungeon.
You were not hungry.

You visited 1 branch of the dungeon, and saw 2 of its levels.

You collected 52 gold pieces.

Inventory:

Missiles
 m - 11 poisoned needles
Armour
 a - a +0 robe (worn)
 b - a +0 hat (worn)
 g - a +0 buckler
Jewellery
 h - a ring of protection from fire (left hand)
 l - a +3 ring of evasion (right hand)
Scrolls
 k - a scroll of remove curse
Potions
 e - a potion of cure mutation {unknown}
 f - a potion of might {unknown}
 i - a potion of curing {unknown}
 j - a potion of poison {unknown}
Books
 c - a book of Minor Magic

   Spells                             Type                      Level
   a - Magic Dart                     Conjuration                  1
   b - Blink                          Translocation                2
   c - Call Imp                       Summoning                    2
   d - Repel Missiles                 Charms/Air                   2
   e - Slow                           Hexes                        2
   f - Conjure Flame                  Conjuration/Fire             3
   g - Mephitic Cloud                 Conjuration/Poison/Air       3
Comestibles
 d - a bread ration
 n - 3 chunks of flesh


   Skills:
 - Level 2.4 Dodging
 - Level 2.4 Stealth
 + Level 5.2 Spellcasting
 + Level 2.1 Conjurations
 - Level 1.1 Summonings
 - Level 1.1 Translocations


You had 4 spell levels left.
You knew the following spells:

 Your Spells              Type           Power        Failure   Level  Hunger
a - Magic Dart            Conj           ###.         4%          1    None
b - Blink                 Tloc           N/A          12%         2    None
c - Repel Missiles        Chrm/Air       #.....       17%         2    None
d - Call Imp              Summ           ##......     12%         2    None


Dungeon Overview and Level Annotations

Branches:
Dungeon (2/15)

Altars:

Annotations:
D:2 Ijyb


Message History

Confirm with . or Enter, or press ? or * to list all spells.
Aiming: Magic Dart
Press: ? - help, Shift-Dir - straight line, f/p - Ijyb
Aim: Ijyb, wearing a leather armour (severely wounded)
The magic dart hits Ijyb.
Ijyb is severely wounded.
The bat hits you but does no damage.
The bat hits your crimson imp but does no damage.
Your crimson imp hits Ijyb but does no damage.
Ijyb completely misses you.
You hit Ijyb.
Ijyb is almost dead.
The bat hits you but does no damage. The bat closely misses you.
Your crimson imp closely misses Ijyb.
Ijyb closely misses you.
You barely miss Ijyb.
Ijyb is almost dead.
The bat barely misses you.
Your crimson imp hits Ijyb but does no damage.
Ijyb hits you.
You die...

*,,* *,,***#.***,,* *,,*****,,
*,** **,** #.##**,** **,,***,,,
*,* **,,* #รท.# *,,*****,,**,*,
*,* *,,** ##.# **,,,,,**,,,,*,
,,* *,** #.#######*,***,,*** ,**
*,* #.......##,,***,,** ,* *,*
#..5......,,,,,,,,, ** *,*
#..gb...##*,,,,,,,, *,* #.@.....#
*,,,,,,,* ******,** #########
*,,,,,,,, ,,,,,,,,*********
**,,,,,,* ,,,,,,,,,,,,,,,,***
*,,,,,,*
,,,,,,,,*******,,,********,,,,,,*
********* ***,,,,,,,,,,,,,,,,
**********,,,,,,* ********


You could see Ijyb, a bat and a friendly crimson imp.

Vanquished Creatures
  A ball python (D:1)
  2 bats (D:1)
  A giant cockroach (D:1)
  7 goblins (D:1)
  A hobgoblin (D:1)
  2 jackals (D:2)
  2 giant newts (D:1)
  5 kobolds (D:1)
  3 rats
24 creatures vanquished.

Notes
Turn   | Place    | Note
--------------------------------------------------------------
     0 | D:1      | Reinor the Deep Elf Wizard began the quest for the Orb.
     0 | D:1      | Reached XP level 1. HP: 10/10 MP: 7/7
     4 | D:1      | Noticed an electric eel
     4 | D:1      | Noticed an electric eel
   215 | D:1      | Reached XP level 2. HP: 13/15 MP: 5/9
   221 | D:1      | Learned a level 2 spell: Blink
   224 | D:1      | Learned a level 2 spell: Repel Missiles
   227 | D:1      | Learned a level 2 spell: Call Imp
   339 | D:1      | Reached skill level 5 in Spellcasting
   808 | D:2      | Noticed Ijyb
  1089 | D:2      | Slain by Ijyb

Vault maps used:
D:1:      arrival_aquarium_b
D:2:      uniq_iyjb

Action                   || total
-------------------------++-------
Melee: Unarmed           ||    17
 Cast: Magic Dart        ||    62
       Call Imp          ||     1
       Repel Missiles    ||     1
  Use: Scroll            ||     4
